← All builds
Pond / Cortex / Economy first / OBSERVED BUILD

Gunslinger buy

Cortex Pond build order · Supreme Isthmus

Pond buys Gunslingers from Tech from around 4:40, paying heavily for them, sending the skirmish bots to fight in the middle and later building its own Bot Lab for Ticks and Blitz.

#push #team support · 89 distinct matches · 14 players · 12% of Cortex Pond games · team won 58% of 89 · Recently observed

THE CATCH, AND WHAT COMES WITH IT
  • GunslingerGunslinger from Tech arrives 4:41 · 11% of role by thenTech makes it and hands it over.
  • Bot LabBot Lab in 45%15% of all Pond games by then

Paid for by sending allies about 830 metal and 19,000 energy by 5:00; standard pond sends 110 metal and 9,250 energy.

Where those units first fight, in 88 games with kill data: in the middle 92%, on their own side 7%.

Those units destroy a typical 2,162 metal of enemy units by 15:00.

Then transitions into tick (19% of army), blitz (11% of army), Armageddon (10% of army).

HOW TO PLAY IT

Key timing: Gunslinger handed over by 4:44

  1. Build heavy tidal and wind eco before any lab of your own.
  2. Take Gunslinger skirmish bots handed over by Tech.
  3. Send Gunslingers to the middle as skirmish support for front.
  4. Send Tech metal and energy, 872 metal and 20345 energy, to pay for it.
  5. Put up your own bot lab late for the Tick/Grunt transition.

Phase by phase

TYPICAL OF ITS 89 GAMES · AGAINST STANDARD POND
  1. 1
  2. 2
PLAY THE OPENING

Follow the example game's first 6:00 step by step: what to build now, what comes next, and where it goes. At 1× it keeps pace with your own game.

  1. 1

    Up to 5:00

    Economy
    • Metal Extractor4Mex
    • Wind Turbine10Wind+3 vs standard
    • Tidal Generator8Tidalfor allies
    • Tidal Generator2Tidal
    • Energy Converter1Converter
    • Energy Storage1Energy storage

    Some games also: con turret (43%)

    By 5:00 in all: 4 mex · 10 wind (standard 7) · 2 tidal · 1 converter · 1 energy storage

    The example game in this phase · 10 steps
    1. Tidal ×9for Suicide front
    2. Tidal ×3
    3. Mex ×4
    4. Wind ×4
    5. Con turret
    6. Wind ×4
    7. Energy storage
    8. Wind ×5
    9. JellyfishJellyfish
    10. Wind
  2. 2

    5:00 to Bot Lab

    Economy
    • Wind Turbine1Wind−17 vs standard
    Order
    1. Bot LabBot Lab after 4 mex, 18 wind, 3 converterdone ~10:13, middle half 9:07–11:11

    Some games also: wind (47%) · con turret (44%) · Thistle (38%) · Guard (33%)

    The standard build makes here, this one skips: 4 converter

    By 10:02 in all: 4 mex · 14 wind (standard 25) · 2 tidal · 1 converter (standard 6) · 1 energy storage

    The example game in this phase · 102 steps
    1. Wind ×2
    2. Converter ×4
    3. Wind ×5
    4. Mexfor unknown
    5. Wind ×3
    6. Naval Radar / Sonar TowerNaval Radar / Sonar Tower
    7. Wind
    8. UrchinUrchin
    9. Wind
    10. Bot LabBot Labdone 7:51
    11. GraverobberGraverobber ×2
    12. Construction BotCon botfor unknown
    13. Construction BotCon bot
    14. UrchinUrchin
    15. Construction BotCon bot ×2for unknown
    16. Wind
    17. Construction BotCon bot
    18. Wind
    19. Construction BotCon bot
    20. Wind ×2
    21. Advanced Metal ExtractorT2 mexdone 9:54 · typical 9:16
    22. Wind
    23. Construction BotCon bot
    24. Wind
    25. Construction BotCon bot
    26. Wind
    27. Advanced Metal ExtractorT2 mex
    28. Construction BotCon bot
    29. Wind
    30. Construction ShipCon shipfor unknown
    31. Construction BotCon bot ×2
    32. Advanced Metal ExtractorT2 mex
    33. Wind
    34. Con turret
    35. Construction BotCon bot
    36. Con turret ×2
    37. Wind
    38. Con turret ×3
    39. CastroCastro
    40. Wind
    41. CastroCastro
    42. Advanced Metal ExtractorT2 mex
    43. Wind ×4
    44. Advanced Bot LabAdvanced Bot Labnot finished by 15:00
    45. Wind ×3
    46. Converter ×2
    47. Wind
    48. Advanced Bot LabEat Advanced Bot Labreclaimed for its metal
    49. Wind ×7
    50. Converter ×2
    51. Wind ×6
    52. Advanced Bot LabAdvanced Bot Labdone 13:30
    53. Wind ×2
    54. Converter ×2
    55. Wind ×8
    56. Converter
    57. Bot LabEat Bot Labreclaimed for its metal
    58. Wind ×3
    59. Converter ×2
    60. Wind ×6
    61. Converter
    62. Wind
    63. CommanderCommander
    64. Converter
    65. Wind ×8
    66. Converter
    67. FiendFiend
    68. Converter
    69. Wind ×2
    70. CommanderCommander
    71. Wind ×2
    72. FiendFiend
    73. Wind ×2
    74. FiendFiend
    75. Wind ×2
    76. Converter ×2
    77. FiendFiend
    78. Wind ×2
    79. FiendFiend
    80. Wind ×4
    81. FiendFiend
    82. Wind ×3
    83. Converter
    84. Wind
    85. FiendFiend
    86. Converter ×2
    87. Wind ×2
    88. FiendFiend
    89. Wind ×4
    90. FiendFiend
    91. Wind ×4
    92. FiendFiend
    93. Wind ×2
    94. Converter
    95. Wind
    96. FiendFiend
    97. Wind
    98. Con turret
    99. Converter
    100. Wind
    101. Con turret
    102. Wind

Counts are medians over the build's games: half of them build more, half fewer. The example game is Ling_long's (40 OS, 14/10/2026); pick another.

Team trades

IN AT LEAST 30% OF ITS GAMES

You hand over

  • Tidal Generator8 Tidal to Suicide front or Frontfirst at 0:19 · in 99% of games

You get

  • Construction Bot1 Con bot from Geo or Techfirst at 2:32 · in 51% of games
  • Hercules1 Light transport from Air or Techfirst at 4:24 · in 39% of games
  • Gunslinger1 Gunslinger from Techfirst at 4:42 · in 100% of games
  • Advanced Construction Bot1 T2 con bot from Techfirst at 7:48 · in 99% of games

How it plays out

Typical game of this build against the role’s standard build, running totals by minute

  • This build
  • Standard pond

Metal produced

010k20k
0:005:0010:0015:00

metal

Enemy metal destroyed

02k4k6k
0:005:0010:0015:00

metal

Own metal lost

01k2k3k
0:005:0010:0015:00

metal

Metal sent to allies

01k2k
0:005:0010:0015:00

metal

Energy sent to allies

050k100k
0:005:0010:0015:00

metal

89 games.

Show as table
ByMetal produced: This buildMetal produced: Standard pondEnemy metal destroyed: This buildEnemy metal destroyed: Standard pondOwn metal lost: This buildOwn metal lost: Standard pondMetal sent to allies: This buildMetal sent to allies: Standard pondEnergy sent to allies: This buildEnergy sent to allies: Standard pond
1:001151150000001631981
2:0027825900000036462395
3:008147440000106060534662
4:001494141100005670114456407
5:00218121300000829109185869254
6:002883294919000011293822816811852
7:003669383096000014894333733313906
8:00445649201486512576017214454982816635
9:0053436389197215965017217874505963619564
10:0066997777263431271850918714536545321978
11:0084429920285471490777419024687216425064
12:001047312520366011401175103219134827349227158
13:001271415014371315711773161219514827940130468
14:001522417131460518142246199519734848277036354
15:001734619909594226142788296819735299826341129
WHAT THE NUMBERS SAY

Won slightly more often than the standard build with the highest kill-to-loss gap of the three buys by 15:00.

  • + Own metal lost stayed low, 779 by 10:00 vs 755 standard, tightest of the three.
  • + Destroyed 4935 enemy metal by 15:00 vs 3127 for the standard build.
  • − Still a rare line: only 9% of role games buy this early by 4:37.
  • − Metal produced by 15:00 trailed standard, 15981 vs 19066.
THE EXAMPLE YOU ARE READING

Ling_long

39.6 OS · 14/10/2026

Open source match ↗

5 received units · includes a constructor
1429 metal received · 53039 energy received

Allied construction assistance is unknown. Timings are observations, not a promise of solo reproducibility.

Typical milestones

Advanced Metal Extractor9:16Middle 50%: 8:28–10:07 · n=86
Bot Lab10:13Middle 50%: 9:07–11:11 · n=45

Played most by

Boozha39games of this buildDeathkebab33games of this buildDontStreamSnipeMeBro3games of this buildLing_long3games of this buildGoldReasons2games of this build